 Dungeon Crawl Stone Soup version 0.25.1-2-g60ff931df9 (webtiles) character file.

Game seed: 5490406005803927044

119 funkygono the Conjurer (level 4, 0/33 HPs)
             Began as a Draconian Conjurer on Oct 12, 2020.
             Succumbed to an adder's poison
             ... on level 2 of the Dungeon.
             The game lasted 00:03:14 (1835 turns).

funkygono the Conjurer (Draconian Conjurer)         Turns: 1835, Time: 00:03:14

Health: 0/33       AC:  5    Str: 10    XL:     4   Next: 74%
Magic:  3/8        EV: 12    Int: 17    God:
Gold:   40         SH:  0    Dex: 11    Spells: 2/8 levels left

rFire    . . .     SeeInvis .   a - +0 club
rCold    . . .     Gourm    .   (no shield)
rNeg     . . .     Faith    .   (armour unavailable)
rPois    .         Spirit   .   (helmet restricted)
rElec    .         Reflect  .   (no cloak)
rCorr    .         Harm     .   (no gloves)
MR       .....                  (no boots)
Stlth    ++........             (no amulet)
HPRegen  0.11/turn              (no ring)
MPRegen  0.11/turn              (no ring)

@: lethally poisoned (0 -> -5)
A: unfitting armour, cold-blooded, AC +5
a: no special abilities


You were on level 2 of the Dungeon.
You were hungry.

You visited 1 branch of the dungeon, and saw 2 of its levels.

You collected 40 gold pieces.

Inventory:

Hand Weapons
 a - a +0 club (weapon)
Scrolls
 e - a scroll of remove curse {unknown}
Potions
 c - a potion of cancellation {unknown}
 f - a potion of invisibility {unknown}
Comestibles
 b - 2 rations
 d - 2 chunks of flesh


   Skills:
 + Level 0.1 Fighting
 + Level 0.2 Maces & Flails
 * Level 2.4 Dodging
 + Level 1.8 Stealth
 * Level 2.7 Spellcasting
 * Level 5.3 Conjurations


You had 2 spell levels left.
You knew the following spells:

 Your Spells              Type           Power        Failure   Level  Hunger
a - Magic Dart            Conj           ###.         1%          1    #......
b - Searing Ray           Conj           ###...       3%          2    ##.....
c - Dazzling Flash        Conj/Hex       ##....       19%         3    ###....

Your spell library contained the following spells:

 Spells                   Type           Power        Failure   Level  Hunger
 Fulminant Prism          Conj/Hex       ##........   52%         4    #####..
 Iskenderun's Mystic Bla  Conj/Tloc      ##......     52%         4    #####..


Dungeon Overview and Level Annotations

Branches:
Dungeon (2/15)

Altars:


Innate Abilities, Weirdness & Mutations

Your plain brown scales are hard. (AC +5)
You cannot fit into any form of body armour.
You are cold-blooded and may be slowed by cold attacks.


Message History

A quokka comes into view.
You see here a rat corpse.
The adder bites you.
* * * LOW HITPOINT WARNING * * *
There isn't anything here!
You feel sick. The adder barely misses you.
You feel sick.
You feel sick. The adder barely misses you. The adder bites you.
* * * LOW HITPOINT WARNING * * *
You are lethally poisoned!
The adder poisons you!
* * * LOW HITPOINT WARNING * * *
You feel sick.
* * * LOW HITPOINT WARNING * * *
You feel sick.
* * * LOW HITPOINT WARNING * * *
You feel sick. The adder closely misses you.
You die...

#..# #..# #..# #.##
#..# #.# #..## #.#
#...### #.#
#.#.#.####
#.#########.#.#÷....
#...........#.#.####
#.#@.S........#.####
#.#.######..#......†
#.#.# #..........
#.#.# ##.#......#
#.#.# ##.#.#.##.#
#.#.# ###<...#.##.#
#.#.# #........##..
#.#.####.##.........
#.............#.####


You could see an adder.

Vanquished Creatures
  An iguana (D:2)
  A worker ant (D:2)
  2 adders (D:2)
  An ooze (D:1)
  2 worms (D:2)
  2 dart slugs (D:2)
  A leopard gecko (D:2)
  5 goblins
  7 hobgoblins
  A quokka (D:2)
  4 bats
  4 frilled lizards
  4 kobolds
  7 rats
42 creatures vanquished.

Notes
Turn   | Place    | Note
-------+----------+-------------------------------------------
     0 | D:1      | funkygono the Draconian Conjurer began the quest for the
                  | Orb.
     0 | D:1      | Reached XP level 1. HP: 14/14 MP: 3/3
   197 | D:1      | Reached XP level 2. HP: 20/20 MP: 1/5
   248 | D:1      | Learned a level 2 spell: Searing Ray
   991 | D:2      | Reached XP level 3. HP: 17/26 MP: 0/6
  1133 | D:2      | Learned a level 3 spell: Dazzling Flash
  1559 | D:2      | Reached skill level 5 in Conjurations
  1726 | D:2      | Reached XP level 4. HP: 33/33 MP: 2/7
  1833 | D:2      | HP: 1/33 [poisoned by an adder]
  1835 | D:2      | Succumbed to an adder's poison

Illustrated notes

Levels and vault maps discovered:
D:1:      psy_arrival_conway, layout_basic
D:2:      layout_loops_ring, minitemple, minmay_shallow_snake_nest

Skill      XL: |  1  2  3 |
---------------+----------+-----
Dodging        | 2 |  2.4
Conjurations   | 5 |  5.3
Fighting       | |  0.1
Maces & Flails | |  0.2
Stealth        | |  1.8
Spellcasting   | |  2.7

Action                   |  1- 3 |  4- 6 || total
-------------------------+-------+-------++-------
Melee: Club              |    23 |    14 ||    37
       Tailslap          |     5 |       ||     5
 Cast: Magic Dart        |    65 |     3 ||    68
       Searing Ray       |     6 |     2 ||     8
  Use: Scroll            |     2 |       ||     2
  Eat: Chunk             |     4 |       ||     4
Armor: Skin              |     6 |     4 ||    10
Dodge: Dodged            |    14 |    20 ||    34
